General information
- name: BNet
- type: Ladder 1vs1/FFA
- host: Battle.net
- saver: schmitty9800
map: LostTemple
- players: 2
- length: 45:58
- speed: Fast
- version: 1.23 W3XP
- replay type: Public
» download(198 KB)
Players
team 1 (loser)
sadcitus (
pink | 143 APM | 6550 actions | 45:57)
7 Archmage
3 Summon Water Elemental
3 Brilliance Aura
1 Mass Teleport
6 Mountain King
3 Storm Bolt
2 Bash
1 Avatar
» actions
| Assign group hotkey | 392 | |
| Basic commands | 721 | |
| Build / train | 181 | |
| ESC pressed | 1 | |
| Enter build submenu | 51 | |
| Enter hero's abilities submenu | 14 | |
| Give item / drop item | 1 | |
| Remove unit from queue | 10 | |
| Right click | 2006 | |
| Select / deselect | 1152 | |
| Select group hotkey | 1829 | |
| Use ability | 192 | |
6550 total
» units
| Peasant | 19 | |
| Footman | 4 | |
| Rifleman | 18 | |
| Sorceress | 4 | |
| Priest | 4 | |
| Mortar Team | 16 | |
| Spell Breaker | 5 | |
| Knight | 5 | |
| Siege Engine | 12 | |
87 total
» upgrades
| Defend | 1 | |
| Gunpowder | 3 | |
| Long Rifles | 1 | |
| Armor | 3 | |
| Sorceress Training | 2 | |
| Priest Training | 2 | |
| Animal War Training | 1 | |
| Lumber Harvesting | 2 | |
| Barrage | 1 | |
| Swords | 2 | |
| Plating | 1 | |
19 total
» buildings
| Altar of Kings | 2 | |
| Farm | 14 | |
| Barracks | 2 | |
| Arcane Vault | 5 | |
| Town Hall | 7 | |
| Scout Tower | 6 | |
| Lumber Mill | 3 | |
| Arcane Tower | 1 | |
| Blacksmith | 1 | |
| Guard Tower | 10 | |
| Keep | 3 | |
| Arcane Sanctum | 3 | |
| Workshop | 2 | |
| Castle | 3 | |
62 total
» build order
00:08 Altar of Kings
00:20 Farm
00:36 Barracks
01:12 Farm
01:40 Farm
01:55 Arcane Vault
03:14 Town Hall
03:19 Scout Tower
03:24 Farm
03:32 Scout Tower
03:57 Lumber Mill
04:22 Arcane Tower
04:38 Blacksmith
05:00 Guard Tower
05:00 Guard Tower
05:01 Guard Tower
05:21 Scout Tower
05:49 Guard Tower
05:50 Guard Tower
05:51 Scout Tower
05:58 Keep
05:58 Keep
06:18 Farm
06:23 Guard Tower
06:24 Scout Tower
06:26 Arcane Vault
06:55 Farm
07:36 Farm
09:03 Arcane Sanctum
09:03 Arcane Sanctum
09:19 Arcane Sanctum
09:31 Farm
09:43 Guard Tower
09:48 Workshop
10:32 Farm
10:53 Castle
10:54 Castle
11:13 Farm
13:01 Barracks
13:58 Farm
13:59 Farm
14:18 Scout Tower
15:40 Guard Tower
16:17 Workshop
18:44 Town Hall
18:55 Farm
22:42 Town Hall
26:16 Arcane Vault
28:25 Town Hall
31:37 Lumber Mill
31:42 Lumber Mill
31:52 Keep
33:58 Farm
34:00 Arcane Vault
34:15 Town Hall
37:16 Altar of Kings
40:19 Castle
42:11 Arcane Vault
42:18 Town Hall
43:07 Town Hall
» items
| Scroll of Regeneration | 5 | |
| Potion of Healing | 5 | |
| Potion of Lesser Invulnerability | 3 | |
| Scroll of Town Portal | 6 | |
| Orb of Fire | 1 | |
| Staff of Sanctuary | 1 | |
| Scroll of Healing | 1 | |
| Potion of Invisibility | 2 | |
24 total
team 2 (winner)

»
schmitty9800 (
purple | 136 APM | 6255 actions | 45:58)
8 Archmage
3 Summon Water Elemental
3 Brilliance Aura
2 Mass Teleport
7 Mountain King
3 Storm Bolt
3 Thunder Clap
1 Avatar
4 Paladin
2 Holy Light
2 Divine Shield
» actions
| Assign group hotkey | 130 | |
| Basic commands | 163 | |
| Build / train | 202 | |
| ESC pressed | 19 | |
| Enter build submenu | 77 | |
| Enter hero's abilities submenu | 19 | |
| Give item / drop item | 9 | |
| Remove unit from queue | 2 | |
| Right click | 2193 | |
| Select / deselect | 1079 | |
| Select group hotkey | 2070 | |
| Use ability | 292 | |
6255 total
» units
| Peasant | 25 | |
| Footman | 4 | |
| Rifleman | 14 | |
| Priest | 6 | |
| Goblin Shredder | 1 | |
| Sorceress | 10 | |
| Mortar Team | 18 | |
| Knight | 8 | |
| Spell Breaker | 4 | |
90 total
» upgrades
| Masonry | 3 | |
| Gunpowder | 3 | |
| Sorceress Training | 2 | |
| Long Rifles | 1 | |
| Flare | 1 | |
| Swords | 5 | |
| Plating | 4 | |
| Priest Training | 2 | |
| Armor | 3 | |
| Fragmentation Shards | 1 | |
| Animal War Training | 1 | |
| Control Magic | 1 | |
| Magic Sentry | 1 | |
| Flak Cannons | 1 | |
| Barrage | 1 | |
| Flying Machine Bombs | 1 | |
31 total
» buildings
| Altar of Kings | 2 | |
| Farm | 9 | |
| Barracks | 1 | |
| Arcane Vault | 1 | |
| Blacksmith | 1 | |
| Keep | 1 | |
| Lumber Mill | 1 | |
| Town Hall | 10 | |
| Scout Tower | 42 | |
| Arcane Sanctum | 2 | |
| Guard Tower | 12 | |
| Workshop | 2 | |
| Castle | 1 | |
| Arcane Tower | 2 | |
| Cannon Tower | 6 | |
93 total
» build order
00:05 Altar of Kings
00:21 Farm
00:28 Barracks
00:58 Farm
01:39 Farm
01:58 Arcane Vault
02:39 Blacksmith
02:43 Farm
04:25 Keep
04:38 Farm
05:04 Farm
05:08 Lumber Mill
05:26 Farm
06:12 Town Hall
06:21 Town Hall
06:33 Scout Tower
06:35 Scout Tower
08:15 Arcane Sanctum
08:19 Guard Tower
09:08 Workshop
12:37 Castle
13:19 Arcane Sanctum
13:50 Farm
14:44 Town Hall
14:45 Scout Tower
14:46 Scout Tower
15:17 Farm
15:35 Town Hall
18:19 Guard Tower
18:32 Scout Tower
18:33 Scout Tower
19:19 Guard Tower
19:21 Scout Tower
19:22 Scout Tower
19:56 Guard Tower
20:02 Scout Tower
20:03 Scout Tower
22:05 Guard Tower
22:15 Town Hall
22:20 Scout Tower
22:22 Scout Tower
22:24 Scout Tower
22:29 Scout Tower
23:36 Scout Tower
23:40 Guard Tower
24:48 Arcane Tower
25:47 Town Hall
25:49 Scout Tower
25:50 Scout Tower
25:51 Scout Tower
26:13 Scout Tower
26:18 Scout Tower
26:19 Scout Tower
26:30 Cannon Tower
26:34 Cannon Tower
27:31 Cannon Tower
27:38 Cannon Tower
27:39 Arcane Tower
28:23 Scout Tower
28:23 Scout Tower
29:41 Guard Tower
29:44 Town Hall
30:53 Scout Tower
30:54 Scout Tower
30:55 Scout Tower
32:07 Guard Tower
32:23 Cannon Tower
32:26 Scout Tower
32:39 Scout Tower
33:22 Workshop
36:48 Altar of Kings
41:26 Scout Tower
41:27 Scout Tower
41:29 Scout Tower
41:30 Scout Tower
42:29 Town Hall
42:34 Guard Tower
43:12 Scout Tower
43:13 Scout Tower
43:15 Scout Tower
43:51 Guard Tower
43:53 Scout Tower
43:58 Scout Tower
44:00 Scout Tower
44:40 Guard Tower
44:45 Guard Tower
44:59 Cannon Tower
45:15 Town Hall
45:22 Town Hall
45:26 Scout Tower
45:28 Scout Tower
45:29 Scout Tower
45:30 Scout Tower
» items
| Scroll of Regeneration | 3 | |
| Lesser Clarity Potion | 5 | |
| Potion of Healing | 5 | |
| Scroll of Town Portal | 5 | |
| Orb of Fire | 2 | |
| Staff of Sanctuary | 2 | |
| Scroll of Healing | 5 | |
| Scroll of Protection | 3 | |
| Periapt of Vitality | 1 | |
| Potion of Lesser Invulnerability | 2 | |
| Potion of Mana | 2 | |
35 total
Chat log
(36:45 / All) sadcitus: GG